 Dungeon Crawl Stone Soup version 0.22-a0-571-g4a923d4 (webtiles) character file.

11580 iamserjio the Cleaver (level 11, -7/71 HPs)
             Began as a Gargoyle Fighter on July 1, 2018.
             Was a Believer of Trog.
             Mangled by an orc knight
             ... wielding a +2 great sword
              (22 damage)
             ... on level 10 of the Dungeon.
             The game lasted 00:26:50 (3534 turns).

iamserjio the Cleaver (Gargoyle Fighter)            Turns: 3534, Time: 00:26:51

Health: -7/71      AC: 23    Str: 20    XL:     11   Next: 80%
Magic:  11/11      EV:  5    Int:  9    God:    Trog [**....]
Gold:   361        SH: 11    Dex: 12    Spells: 10/10 levels left

rFire    + . .     SeeInvis .   p - +2 hand axe (elec)
rCold    + . .     Gourm    +   c - +0 shield
rNeg     + . .     Faith    .   y - +0 plate armour
rPois    ∞         Spirit   .   (no helmet)
rElec    +         Reflect  .   d - scarf {rC+ rF+}
rCorr    .         Harm     .   x - +0 pair of gloves
MR       .....                  (no boots)
Stlth    ..........             G - amulet of the gourmand
HPRegen  0.21/turn              q - ring of stealth
MPRegen  0.12/turn              (no ring)

@: berserk cooldown, slowed, very slow
A: negative energy resistance 1, electricity resistance, unbreathing,
petrification resistance, rot immunity, AC +8
a: Berserk, Trog's Hand, Renounce Religion


You were on level 10 of the Dungeon.
You worshipped Trog.
Trog was pleased with you.
You were not hungry.

You visited 3 branches of the dungeon, and saw 13 of its levels.
You also visited: Sewer.

You collected 361 gold pieces.

Inventory:

Hand Weapons
 a - a +0 war axe
 m - a +1 hand axe of electrocution
 p - a +2 hand axe of electrocution (weapon)
 r - a cursed -3 war axe
 s - a +4 blowgun
 t - a +0 morningstar
 E - a +1 war axe of chopping
Missiles
 z - 20 poisoned needles
 C - 5 curare-tipped needles {!f}
Armour
 b - a +0 scale mail
 c - a +0 shield (worn)
 d - a scarf of resistance (worn)
 i - a +0 chain mail
 k - a +0 troll leather armour {Purgy}
 x - a +0 pair of gloves (worn)
 y - a +0 plate armour (worn)
Jewellery
 q - a ring of stealth (left hand)
 G - an amulet of the gourmand (around neck)
Wands
 u - a wand of random effects (19)
 v - a wand of disintegration (16)
 F - a wand of digging (6)
 I - a wand of acid (8)
Scrolls
 e - 2 scrolls of random uselessness
 g - a scroll of blinking
 h - 2 scrolls of enchant weapon
 j - a scroll of noise
 w - 2 scrolls of teleportation
 B - 2 scrolls of enchant armour {unknown}
 D - a scroll of vulnerability {unknown}
Potions
 l - 5 potions of curing {@q1}
 n - 3 potions of heal wounds
 o - a potion of berserk rage
 A - 2 potions of cancellation {unknown}
 H - 2 potions of degeneration {unknown}
Miscellaneous
 J - a lightning rod (4/4)
Comestibles
 f - 15 rations


   Skills:
 + Level 9.6 Fighting
 * Level 10.8 Axes
 + Level 9.7 Armour
 + Level 9.7 Shields


You had 10 spell levels left.
You didn't know any spells.
Your spell library contained the following spells:

 Spells                   Type           Power        Failure   Level  Hunger
 Bolt of Magma            Conj/Fire/Erth #.........   100%        5    ######.
 Iron Shot                Conj/Erth      #.........   100%        6    #######
 Statue Form              Tmut/Erth      #........    100%        6    #######
 Shatter                  Erth           #.........   100%        9    #######
 Leda's Liquefaction      Hex/Erth       #.........   100%        4    #####..


Dungeon Overview and Level Annotations

Branches:
Dungeon (11/15)            Temple (1/1) D:6            Lair (0/6) D:9
    Orc (1/2) D:10

Altars:
Ashenzari
Cheibriados
Dithmenos
Elyvilon
Gozag
Kikubaaqudgha
Makhleb
Nemelex Xobeh
Okawaru
Qazlal
Ru
Sif Muna
Trog
Uskayaw
Vehumet
Wu Jian
Xom
Yredelemnul
Zin
The Shining One
Beogh

Shops:
D:8 =

Annotations:
D:5 1 runed door, Torious's ghost, amateur DECj


Innate Abilities, Weirdness & Mutations

You are resistant to torment.
Your stone body is resilient. (AC +8)
You are immune to poison.
You resist negative energy. (rN+)
You are resistant to electric shocks. (rElec)
You can survive without breathing.
You are immune to petrification.
You are immune to rotting.


Message History

You block the orc knight's attack.
You slash the orc knight!
Lightning courses through the orc knight!
The orc knight is almost dead.
You hit the orc warrior. You slash the orc warrior!
You kill the orc warrior!
Trog accepts your kill.
You hit the orc knight. You barely miss the orc knight.
The orc knight is almost dead.
You are no longer berserk.
You are exhausted.
You feel yourself slow down.
The orc knight hits you with an enchanted great sword!
* * * LOW HITPOINT WARNING * * *
You hit the orc knight but do no damage.
The orc knight is almost dead.
The orc knight hits you with an enchanted great sword!!
You die...

#.# ###<#.#
#.##...#######.#
#.##.###.....#.#
#.##.###.....8.#.
#.....##.....'...#
#.....##..⌠..8...#
#......#.....#.#.#
#......#))...#.#.#
#.....##@)_.8#.#.#
###..#.#o...[#.#.########
#....#...[[#.>.........
####....#..⌠[(8[....[.####
#.......#....)[[).###.#
#.##....#.....8[..# #.# #
#....#.....#...# #.#
#...[#######.#.# #.#
####.>.........# #.#


You could see an orc knight.

Vanquished Creatures
  A hydra (D:11)
  Erolcha (D:9)
  5 two-headed ogres
  A cyclops (D:11)
  Psyche (D:9)
  A komodo dragon (D:10)
  A troll (D:7)
  A hornet (D:11)
  4 yaks (D:11)
  2 hungry ghosts
  2 wargs (D:9)
  9 orc warriors
  Purgy (Sewer)
  3 ice beasts
  7 ogres
  A phantom (D:4)
  5 centaurs
  6 bullfrogs
  2 scorpions
  4 wights
  4 killer bees (D:9)
  4 crimson imps
  A centaur zombie (D:6)
  6 hounds
  11 orc wizards
  2 quasits (D:9)
  7 orc priests
  A centaur skeleton (D:4)
  4 jellies
  A bullfrog skeleton (D:7)
  3 iguanas
  3 worker ants
  A hound skeleton (D:4)
  5 adders
  A river rat (D:3)
  A shadow imp (D:6)
  3 adder zombies
  An adder skeleton (D:5)
  5 worms
  63 orcs
  A ball python (D:3)
  2 giant cockroaches
  6 goblins
  4 hobgoblins (D:3)
  3 jackals (D:4)
  4 kobolds
  3 quokkas
  8 bats
  A frilled lizard (D:3)
  A jackal zombie (D:7)
  A quokka skeleton (D:6)
  4 rats
223 creatures vanquished.

Vanquished Creatures (others)
  A leopard gecko (D:5)
  A ball python (D:5)
2 creatures vanquished.

Grand Total: 225 creatures vanquished

Notes
Turn   | Place    | Note
-------+----------+-------------------------------------------
     0 | D:1      | iamserjio the Gargoyle Fighter began the quest for the Orb.
     0 | D:1      | Reached XP level 1. HP: 14/14 MP: 1/1
    81 | D:2      | Reached skill level 2 in Axes
    81 | D:2      | Reached XP level 2. HP: 19/19 MP: 2/2
    95 | D:2      | Found a shattered altar of Ashenzari.
   185 | D:2      | Reached XP level 3. HP: 10/23 MP: 3/3
   317 | D:3      | Found a glowing drain.
   353 | Sewer    | Entered a sewer
   400 | Sewer    | Noticed Purgy
   409 | Sewer    | Killed Purgy
   409 | Sewer    | Reached skill level 3 in Axes
   409 | Sewer    | Reached XP level 4. HP: 13/29 MP: 4/4
   409 | Sewer    | Reached XP level 5. HP: 14/33 MP: 5/5
   482 | D:3      | HP: 1/33 [orc priest/divine providence (13)]
   579 | D:3      | Reached XP level 6. HP: 35/38 MP: 6/6
   618 | D:4      | Noticed a phantom
   645 | D:4      | Killed a phantom
   645 | D:4      | Reached skill level 4 in Axes
   701 | D:4      | Reached XP level 7. HP: 26/44 MP: 7/7
   751 | D:5      | Entered Level 5 of the Dungeon
   772 | D:4      | Found a shadowy altar of Dithmenos.
   775 | D:4      | Found a shimmering altar of Xom.
   778 | D:4      | Found a sparkling altar of Nemelex Xobeh.
   781 | D:4      | Found a glowing golden altar of the Shining One.
   920 | D:5      | Found a white marble altar of Elyvilon.
  1117 | D:5      | Found a runed door.
  1166 | D:5      | Reached skill level 5 in Armour
  1166 | D:5      | Reached skill level 5 in Shields
  1186 | D:5      | Reached skill level 5 in Fighting
  1197 | D:5      | Found a stormy altar of Qazlal.
  1201 | D:5      | Found a sacrificial altar of Ru.
  1202 | D:5      | Found a snail-covered altar of Cheibriados.
  1240 | D:5      | Reached skill level 5 in Axes
  1270 | D:5      | Found a runed door.
  1272 | D:5      | Noticed Torious's ghost (amateur DECj)
  1285 | D:5      | Reached XP level 8. HP: 50/50 MP: 8/8
  1307 | D:6      | Identified a scroll of acquirement
  1389 | D:6      | Found a staircase to the Ecumenical Temple.
  1398 | Temple   | Entered the Ecumenical Temple
  1441 | Temple   | Became a worshipper of Trog the Wrathful
  1551 | D:6      | Found an iron altar of Okawaru.
  1585 | D:6      | Reached skill level 6 in Axes
  1703 | D:7      | Reached * piety under Trog
  1720 | D:7      | Found an opulent altar of Gozag.
  1720 | D:7      | Found a glowing silver altar of Zin.
  1761 | D:7      | Reached XP level 9. HP: 28/56 MP: 9/9
  1778 | D:7      | Reached skill level 7 in Axes
  1982 | D:7      | Noticed a troll
  1984 | D:7      | Reached ** piety under Trog
  1991 | D:7      | Killed a troll
  2116 | D:8      | Noticed a two-headed ogre
  2124 | D:8      | Killed a two-headed ogre
  2124 | D:8      | Reached skill level 8 in Axes
  2124 | D:8      | Reached XP level 10. HP: 34/63 MP: 10/10
  2139 | D:8      | Found Kudedeplis's Jewellery Shop.
  2219 | D:8      | Found a large runed door.
  2219 | D:8      | Found a large runed door.
  2229 | D:8      | Found a large runed door.
  2229 | D:8      | Found a large runed door.
  2298 | D:8      | Noticed a two-headed ogre
  2304 | D:8      | Killed a two-headed ogre
  2328 | D:8      | Noticed a two-headed ogre
  2341 | D:8      | Killed a two-headed ogre
  2341 | D:8      | Reached skill level 9 in Axes
  2521 | D:10     | Entered Level 10 of the Dungeon
  2596 | D:10     | Found a staircase to the Orcish Mines.
  2603 | D:10     | Found a roughly hewn altar of Beogh.
  2668 | D:9      | Found a staircase to the Lair.
  2739 | D:9      | Noticed Psyche
  2751 | D:9      | Killed Psyche
  2751 | D:9      | Reached XP level 11. HP: 60/69 MP: 11/11
  2777 | D:9      | Found a hide-covered altar of Uskayaw.
  2887 | D:9      | Noticed Erolcha
  2889 | D:9      | Noticed a two-headed ogre
  2895 | D:9      | Killed Erolcha
  2895 | D:9      | Reached skill level 10 in Axes
  2900 | D:9      | Reached *** piety under Trog
  2901 | D:9      | Killed a two-headed ogre
  3110 | D:11     | Noticed a two-headed ogre
  3121 | D:11     | Killed a two-headed ogre
  3136 | D:11     | Noticed a seven-headed hydra
  3169 | D:11     | Killed a seven-headed hydra
  3427 | D:11     | Noticed a cyclops
  3438 | D:11     | Killed a cyclops
  3515 | Orc:1    | Entered Level 1 of the Orcish Mines
  3515 | Orc:1    | Noticed an orc knight
  3534 | D:10     | Mangled by an orc knight

Vault maps used:
D:1:      sevenhm_arrival_forest_fort_large_4
D:2:      evilmike_ruin_ashenzari
D:3:      cheibrodos_sewer_entry_sluice, okawaru_metal_pillars_1_2
D:4:      grunt_temple_overflow_cloverleaf, hangedman_decor_slide_cut,
          grunt_qazlal_sundering
D:5:      minitemple, kennysheep_little_box, ebering_ghost_sewer_f,
          first_ration, dk_noncrumbling_4, elyvilon_altar_4
D:6:      minmay_temple_entry_poolview, basic_altar
D:7:      grunt_temple_overflow_gold_and_silver, grunt_ogre_cave
D:8:      serial_shops, shop, minmay_hollow_rounded_squares
D:9:      lemuel_crystal_altar, kennysheep_mini, erik_lair_orcish_takeover,
          uniq_erolcha, uniq_psyche
D:10:     david_orc_5
D:11:     patterned_corridor
Temple:   jpeg_temple_island
Orc:1:    minmay_goldmine
Sewer:    sewer_big_baddie

Skill      XL: |  1  2  3  4  5  6  7  8  9 10 11 |
---------------+----------------------------------+-----
Axes           | 2 3 4 5 6 8 9 10 | 10.8
Fighting       | 4 5 6 7 8 9 |  9.6
Armour         | 4 5 6 7 8 9 |  9.7
Shields        | 4 5 6 7 8 9 |  9.7

Action                   |  1- 3 |  4- 6 |  7- 9 | 10-12 || total
-------------------------+-------+-------+-------+-------++-------
Melee: War axe           |    75 |   126 |    23 |       ||   224
       Hand axe          |       |       |   261 |   241 ||   502
       Morningstar       |       |       |       |     6 ||     6
Invok: Berserk           |       |       |     4 |     9 ||    13
       Trog's Hand       |       |       |       |    11 ||    11
Evoke: Wand              |       |       |       |     4 ||     4
  Use: Potion            |     1 |     3 |       |     1 ||     5
       Scroll            |       |       |    10 |     5 ||    15
 Stab: Sleeping          |       |       |     4 |       ||     4
  Eat: Chunk             |       |       |     8 |    18 ||    26
       Ration            |       |       |       |     2 ||     2
Armor: Scale mail        |    41 |       |       |       ||    41
       Chain mail        |    36 |       |       |     7 ||    43
       Troll leather arm |       |    58 |    93 |       ||   151
       Skin              |       |     4 |       |       ||     4
       Plate armour      |       |       |       |   147 ||   147
Dodge: Dodged            |    56 |    50 |    65 |    53 ||   224
Block: Shield            |    85 |    73 |   122 |   142 ||   422

Table legend:
 A = Spawn XP
 B = Non-spawn XP
 C = Spawn XP percentage of total XP
 D = Spawn monster count
 E = Non-spawn monster count
 F = Spawn count percentage of total count
 G = Total turns spent on level
                    A         B        C        D         E        F      G
               +---------+---------+-------+---------+---------+-------+---------
         Total |       0 |   16543 |   0.0 |       0 |     223 |   0.0 |  3534
               +---------+---------+-------+---------+---------+-------+---------
           D:1 |       0 |       7 |   0.0 |       0 |       4 |   0.0 |    69
           D:2 |       0 |      35 |   0.0 |       0 |      11 |   0.0 |   243
           D:3 |       0 |     193 |   0.0 |       0 |      27 |   0.0 |   224
           D:4 |       0 |     380 |   0.0 |       0 |      16 |   0.0 |   248
           D:5 |       0 |     620 |   0.0 |       0 |      20 |   0.0 |   412
           D:6 |       0 |     548 |   0.0 |       0 |      20 |   0.0 |   324
           D:7 |       0 |    2067 |   0.0 |       0 |      37 |   0.0 |   406
           D:8 |       0 |    3481 |   0.0 |       0 |      14 |   0.0 |   361
           D:9 |       0 |    3714 |   0.0 |       0 |      23 |   0.0 |   325
          D:10 |       0 |    1429 |   0.0 |       0 |      30 |   0.0 |   256
          D:11 |       0 |    3925 |   0.0 |       0 |      13 |   0.0 |   460
         Orc:1 |       0 |       6 |   0.0 |       0 |       2 |   0.0 |    12
         Sewer |       0 |     138 |   0.0 |       0 |       6 |   0.0 |   111
               +---------+---------+-------+---------+---------+-------+---------
